 Dungeon Crawl Stone Soup version 0.27-a0-320-g81d27af2d4 (webtiles) character file.

Game seed: 12040700835725867327

133 kae the Ruffian (level 4, 0/36 HPs)
             Began as a Draconian Transmuter on Feb 10, 2021.
             Slain by an orc wizard
             ... wielding a +0 dagger
              (4 damage)
             ... on level 3 of the Dungeon.
             The game lasted 00:01:23 (2221 turns).

kae the Ruffian (Draconian Transmuter)              Turns: 2221, Time: 00:01:23

Health: 0/36       AC:  2    Str: 13    XL:     4   Next: 93%
Magic:  1/7        EV: 20    Int: 13    God:
Gold:   181        SH:  0    Dex: 17    Spells: 3/7 levels left

rFire    . . .     SeeInvis .     - Unarmed
rCold    . . .     Faith    .   (shield currently unavailable)
rNeg     . . .     Spirit   .   (armour unavailable)
rPois    x         Reflect  .   (helmet currently unavailable)
rElec    .         Harm     .   (cloak currently unavailable)
rCorr    .         Rampage  .   (gloves currently unavailable)
Will     .....                  (boots currently unavailable)
Stlth    ++........             (no amulet)
HPRegen  0.12/turn              (no ring)
MPRegen  0.10/turn              (no ring)

@: spider-form (expiring), very slightly contaminated
A: tiny, unfitting armour, AC +5
a: End Transformation


You were on level 3 of the Dungeon.
You were a venomous arachnid creature.
You visited 1 branch of the dungeon, and saw 3 of its levels.

You collected 181 gold pieces.

Inventory:

Jewellery
 h - a ring of flight
Wands
 l - a wand of polymorph (6)
Scrolls
 a - 2 scrolls of fear {unknown}
 b - a scroll of fog {unknown}
 c - a scroll of teleportation {unknown}
 d - a scroll of enchant armour {unknown}
 e - 2 scrolls of enchant weapon {unknown}
 f - 5 scrolls of identify {unknown}
 i - a scroll of noise {unknown}
Potions
 g - 2 potions of flight {unknown}
 j - a potion of curing
 k - a potion of haste {unknown}


   Skills:
 + Level 1.9 Fighting
 + Level 2.3 Dodging
 * Level 3.9 Unarmed Combat
 + Level 2.4 Spellcasting
 * Level 3.1 Transmutations
 * Level 1.0 Poison Magic


You had 3 spell levels left.
You knew the following spells:

 Your Spells              Type           Power        Failure   Level
a - Beastly Appendage     Tmut           18%          19%         1
b - Spider Form           Tmut/Pois      3%           52%         3

Your spell library contained the following spells:

 Spells                   Type           Power        Failure   Level
 Wereblood                Tmut           9%           24%         2
 Confusing Touch          Hex            1%           78%         3
 Gell's Gravitas          Tloc           0%           78%         3
 Ice Form                 Ice/Tmut       5%           90%         4
 Petrify                  Tmut/Erth      5%           90%         4
 Blade Hands              Tmut           4%           96%         5
 Yara's Violent Unravell  Hex/Tmut       2%           99%         5
 Metabolic Englaciation   Hex/Ice        0%           100%        5


Dungeon Overview and Level Annotations

Branches:
Dungeon (3/15)

Altars:


Innate Abilities, Weirdness & Mutations

((Your plain brown scales are hard. (AC +5)))
You cannot fit into any form of body armour.
((You are cold-blooded and may be slowed by cold attacks.))


Message History

You kill the orc!
You completely miss the orc.
Your transformation is almost over.
A magic dart appears from out of thin air!
The magic dart hits you! The orc hits you with a +0 war axe.
Casting: Beastly Appendage (safe; 7% risk of failure)
Confirm with . or Enter, or press ? or * to list all spells.
The spell is quite dangerous to cast (30% risk of failure)!
Continue anyway? [Y]es or [N]o only, please.
The spell is quite dangerous to cast (30% risk of failure)!
Continue anyway?
You miscast Spider Form.
You are very lightly contaminated with residual magic.
Nothing appears to happen.
Casting: Spider Form (quite dangerous; 30% risk of failure)
Confirm with . or Enter, or press ? or * to list all spells.
The spell is quite dangerous to cast (30% risk of failure)!
Continue anyway? [Y]es or [N]o only, please.
The spell is quite dangerous to cast (30% risk of failure)!
Continue anyway?
Your horns disappear.
Your talons disappear.
You turn into a venomous arachnid creature.
The orc completely misses you. Something barely misses you.
You hit the orc.
The orc is poisoned.
The orc is heavily wounded.
Something hits you.
You hit the orc.
The orc is heavily wounded.
Something hits you. The orc hits you with a +0 war axe.
The orc closely misses you.
You hit the orc.
You kill the orc!
Something hits you but does no damage. The orc barely misses you.
You hit the orc but do no damage.
The orc is heavily wounded.
Your transformation is almost over.
Something hits you.
You miss something. The orc hits you with a +0 war axe!
* * * LOW HITPOINT WARNING * * *
Something misses you.
You hit something. The orc completely misses you. Something hits you.
You die...

........## ##.##+##.#..###
.......... ....#.........#
...............+...))....#
.........######....#....####
.(##########..##...#...##..##
#.####### #....#...#...#....#
#.......# #..#.#...#..)#.#..##
#.......##..##.#..#.#..#.##..#
#.......'#..#$.#s)#.#..#..#..#
#
##......##..####o.#(#..####..#
##.......## #..##.##..##..## #
....###...#...)..#...#...†..# .
....###...##....##...##....## #
.......##'###..##.....##..#####
# .......##.# ###
..#.#..####.....# ..........# .
### . ..##.# .......#### ? $
#.#..†


You could see an orc.

Vanquished Creatures
  Jessica (D:3)
  3 adders
  An ooze (D:2)
  3 worms (D:2)
  A dart slug (D:3)
  2 leopard geckos
  2 orcs (D:3)
  2 ball pythons
  7 bats
  2 giant cockroaches (D:1)
  6 goblins
  7 hobgoblins
  4 jackals (D:1)
  2 quokkas
  2 frilled lizards (D:2)
  6 kobolds
  11 rats
62 creatures vanquished.

Notes
Turn   | Place    | Note
-------+----------+-------------------------------------------
     0 | D:1      | kae the Draconian Transmuter began the quest for the Orb.
     0 | D:1      | Reached XP level 1. HP: 16/16 MP: 3/3
   220 | D:1      | Reached XP level 2. HP: 21/23 MP: 3/5
   916 | D:2      | Reached XP level 3. HP: 8/28 MP: 4/6
  1188 | D:1      | Learned a level 3 spell: Spider Form
  1479 | D:2      | Reached XP level 4. HP: 34/36 MP: 5/7
  2130 | D:3      | Noticed Jessica
  2139 | D:3      | Killed Jessica
  2140 | D:3      | Reached skill level 1 in Poison Magic
  2221 | D:3      | Slain by an orc wizard

Illustrated notes

Levels and vault maps discovered:
D:1:      psy_arrival_fountain, layout_rooms, chequers_serial_rivers_small_b
D:2:      layout_rooms
D:3:      layout_basic, minmay_puff, uniq_jessica

Skill      XL: |  1  2  3  4 |
---------------+-------------+-----
Dodging        | 2 |  2.3
Transmutations | 3 |  3.1
Poison Magic   | 1 |  1.0
Fighting       | |  1.9
Unarmed Combat | |  3.9
Spellcasting   | |  2.4

Action                   |  1- 3 |  4- 6 || total
-------------------------+-------+-------++-------
Melee: Unarmed           |   108 |    58 ||   166
       Kick              |    11 |     7 ||    18
       Headbutt          |     4 |     5 ||     9
       Tailslap          |     5 |     5 ||    10
       Punch             |     2 |       ||     2
 Cast: Beastly Appendage |    17 |    11 ||    28
       Spider Form       |       |     1 ||     1
  Use: Potion            |     2 |       ||     2
 Stab: Sleeping          |       |     2 ||     2
Armor: Skin              |    33 |    19 ||    52
Dodge: Dodged            |    96 |    28 ||   124

Table legend: (Time is in decaauts)
 A = Elapsed time spent in this place.
 B = Non-inter-level travel time spent in this place.
 C = Inter-level travel time spent in this place.
 D = Time resting spent in this place.
 E = Time spent auto-exploring this place.
 F = Levels seen in this place.
 G = Mean time per level.
                   A        B        C        D        E       F      G
               +--------+--------+--------+--------+--------+-----+--------+
         Total |   2214 |   2193 |     21 |    228 |   1534 |   3 |  738.0 |
       Dungeon |   2214 |   2193 |     21 |    228 |   1534 |   3 |  738.0 |
               +--------+--------+--------+--------+--------+-----+--------+

Top non-repeatable levels by time:
     D:1: 1038 daAuts
     D:2: 652 daAuts
     D:3: 524 daAuts
